Map: 2000 Atmospheres LE

Players

ShoWTimE - Winner!

  • Race: Protoss Protoss

SortOf

  • Race: Zerg Zerg

Event: DreamHack SC2 Masters 2021 Fall

VOD

Have the link to the VOD?

Description

Time

  • Played on: July 28, 2021, 1:06 p.m.
  • Length: 11:07

All games in this series

Show
View Real Time Build Order
Export as new Build Order

ShoWTimE Protoss - Winner!

Build Orders: 1 Gate Expand, Oracle Opening 

Get SALT Encoding   

  12  0:00  Probe  
  13  0:12  Probe  
  14  0:17  Pylon  
  14  0:24  Probe (Chrono Boost)  
  15  0:36  Probe (Chrono Boost)  
  15  0:38  Gateway  
  16  0:45  Probe (Chrono Boost)  
  16  0:46  Assimilator  
  17  0:50  Probe  
  18  1:03  Probe  
  19  1:15  Probe  
  20  1:23  Nexus  
  20  1:33  Cybernetics Core  
  20  1:35  Probe  
  21  1:40  Assimilator  
  21  1:48  Probe  
  21  1:49  Pylon  
  22  2:00  Probe  
  23  2:06  Adept (Chrono Boost)  
  23  2:12  Probe  
  26  2:19  Stargate  
  26  2:24  Probe  
  26  2:27  Adept (Chrono Boost)  
  29  2:33  Pylon  
  29  2:35  Warp Gate  
  29  2:38  Probe (Chrono Boost)  
  29  2:41  Probe (Chrono Boost)  
  30  2:47  Probe (Chrono Boost)  
  30  2:48  Adept  
  30  2:51  Probe (Chrono Boost)  
  34  2:52  Probe (Chrono Boost)  
  35  3:01  Pylon, Probe  
  35  3:03  Oracle (Chrono Boost)  
  35  3:04  Probe  
  40  3:13  Probe  
  40  3:16  Probe  
  40  3:18  Adept  
  44  3:25  Probe  
  43  3:28  Probe  
  43  3:31  Gateway  
  42  3:34  Oracle (Chrono Boost)  
  42  3:37  Probe  
  46  3:41  Pylon, Probe  
  47  3:49  Probe  
  47  3:53  Probe  
  49  4:00  Nexus  
  49  4:02  Probe  
  50  4:05  Oracle (Chrono Boost), Probe  
  54  4:10  Pylon  
  54  4:14  Probe  
  54  4:16  Assimilator  
  55  4:18  Probe  
  55  4:19  Assimilator  
  56  4:26  Probe  
  56  4:27  Stalker  
  56  4:30  Probe  
  60  4:32  Adept  
  60  4:35  Pylon  
  60  4:38  Probe  
  63  4:42  Probe  
  64  4:45  Robotics Facility  
  65  4:52  Probe (Chrono Boost)  
  65  4:54  Probe (Chrono Boost)  
  65  4:56  Forge  
  65  4:58  Gateway  
  66  5:04  Sentry x2  
  66  5:05  Probe (Chrono Boost)  
  72  5:07  Probe (Chrono Boost)  
  72  5:11  Probe (Chrono Boost)  
  72  5:13  Probe (Chrono Boost)  
  74  5:20  Probe (Chrono Boost)  
  76  5:23  Shield Battery, Probe (Chrono Boost)  
  76  5:25  Probe (Chrono Boost)  
  76  5:28  Protoss Ground Weapons Level 1 (Chrono Boost), Probe x2 (Chrono Boost)  
  78  5:30  Pylon  
  78  5:31  Pylon  
  78  5:32  Probe  
  78  5:34  Robotics Bay  
  80  5:38  Probe  
  80  5:39  Probe  
  80  5:41  Immortal (Chrono Boost)  
  82  5:44  Probe  
  82  5:48  Assimilator  
  87  5:50  Assimilator, Probe  
  87  5:51  Probe  
  87  5:53  Twilight Council  
  87  5:57  Photon Cannon, Probe  
  90  6:03  Probe  
  90  6:04  Gateway, Probe  
  92  6:09  Sentry, Probe  
  93  6:13  Observer (Chrono Boost)  
  93  6:15  Gateway  
  92  6:19  Gateway  
  92  6:20  Gateway  
  92  6:27  Immortal (Chrono Boost)  
  96  6:36  Zealot x3  
  96  6:37  Charge  
  102  6:40  Dark Shrine  
  102  6:47  Pylon  
  102  6:48  Photon Cannon  
  102  6:50  Nexus  
  102  6:53  Probe x3  
  102  6:54  Pylon  
  105  6:57  Pylon  
  105  7:00  Disruptor (Chrono Boost)  
  105  7:05  Probe x3  
  111  7:08  Photon Cannon  
  111  7:17  Probe  
  111  7:18  Probe x2  
  114  7:24  Photon Cannon  
  114  7:26  Disruptor (Chrono Boost), Photon Cannon  
  114  7:28  Photon Cannon  
  114  7:29  Probe  
  118  7:30  Protoss Ground Weapons Level 2 (Chrono Boost)  
  118  7:38  Gateway x2  
  118  7:39  Probe x2  
  118  7:41  Gateway, Probe  
  118  7:42  Assimilator  
  121  7:47  Stalker x2  
  121  7:50  Assimilator  
  127  7:52  Disruptor (Chrono Boost)  
  127  7:55  Pylon  
  127  7:57  Pylon  
  128  8:01  Shield Battery  
  128  8:03  Photon Cannon  
  128  8:05  Photon Cannon  
  128  8:15  Stalker x3  
  128  8:16  Stalker  
  128  8:18  Disruptor (Chrono Boost)  
  136  8:25  Shield Battery, Zealot x3  
  145  8:33  Dark Templar x2  
  147  8:39  Archon  
  129  8:42  Dark Templar x4  
  129  8:46  Archon x2  
  132  8:49  Zealot x3  
  138  9:00  Disruptor (Chrono Boost)  
  131  9:11  Dark Templar x4  
  131  9:15  Pylon, Archon x2  
  135  9:17  Dark Templar x4  
  135  9:22  Gateway  
  135  9:23  Archon x2  
  135  9:24  Gateway  
  143  9:25  Warp Prism (Chrono Boost)  
  143  9:26  Gateway  
  143  9:28  Gateway  
  145  9:37  Gateway  
  145  9:48  Zealot x2  
  145  9:49  Zealot x5  
  145  9:50  Zealot  
  161  10:04  Pylon  
  157  10:18  Dark Templar x4  
  157  10:21  Zealot x2  
  161  10:25  Pylon, Archon x2  
  161  10:26  Pylon  
  161  10:28  Pylon  
  161  10:36  Zealot x4  
  161  10:37  Zealot  
  133  10:53  Dark Templar x7  
  143  10:57  Archon x3  
  143  11:03  Zealot x5  
Show
View Real Time Build Order
Export as new Build Order

SortOf Zerg 

Build Orders: Hatch First 

Get SALT Encoding   

  12  0:00  Drone  
  13  0:12  Overlord  
  13  0:16  Drone  
  14  0:31  Drone x2  
  16  0:48  Hatchery  
  15  0:51  Drone  
  15  0:55  Drone  
  17  0:59  Drone  
  18  1:10  Extractor  
  17  1:13  Spawning Pool  
  17  1:17  Drone  
  17  1:20  Drone  
  18  1:29  Drone  
  19  1:39  Drone  
  20  1:49  Overlord  
  20  2:00  Queen  
  20  2:01  Zergling x2, Queen  
  23  2:02  Drone  
  26  2:11  Zergling x2, Drone  
  26  2:15  Metabolic Boost  
  28  2:22  Drone x2  
  30  2:43  Hatchery  
  29  2:44  Drone  
  29  2:45  Drone  
  29  2:46  Queen  
  29  2:50  Overlord  
  33  2:55  Zergling x4  
  33  2:57  Zergling x2  
  36  3:07  Queen  
  36  3:10  Drone x3  
  41  3:23  Drone x2  
  41  3:25  Drone  
  41  3:26  Drone x2  
  41  3:34  Queen  
  41  3:38  Overlord  
  43  3:44  Overlord  
  43  3:57  Drone x4  
  43  4:02  Spore Crawler, Drone x2  
  48  4:03  Drone x2  
  48  4:04  Queen  
  48  4:08  Drone  
  53  4:15  Drone x2  
  57  4:19  Spore Crawler  
  56  4:25  Drone x4  
  60  4:35  Roach Warren, Overlord  
  60  4:36  Extractor  
  60  4:37  Drone x5  
  61  4:43  Overlord  
  61  4:45  Drone x3  
  63  4:48  Overlord  
  63  4:56  Lair  
  63  4:58  Drone x2, Overlord  
  65  5:00  Extractor  
  65  5:02  Zergling x6  
  65  5:06  Zergling x2, Drone  
  69  5:13  Drone x7  
  76  5:15  Drone  
  76  5:18  Extractor, Drone x2  
  76  5:21  Drone x3  
  81  5:28  Overlord  
  81  5:30  Drone  
  81  5:35  Evolution Chamber  
  80  5:42  Drone x8  
  85  5:44  Spore Crawler  
  85  5:46  Queen  
  85  5:47  Extractor  
  85  5:48  Extractor  
  84  5:50  Hatchery  
  84  5:54  Overlord  
  84  5:55  Glial Reconstitution  
  83  5:58  Overseer, Baneling Nest  
  82  6:07  Drone x7  
  86  6:16  Zerg Missile Weapons Level 1  
  86  6:17  Overlord  
  86  6:21  Overlord  
  83  6:28  Drone x3  
  83  6:32  Drone x2  
  84  6:36  Roach x6  
  95  6:46  Overlord  
  95  6:47  Centrifical Hooks  
  95  6:48  Roach x7  
  109  6:56  Overlord  
  109  6:57  Roach x3  
  115  7:03  Overlord  
  115  7:05  Roach x3  
  121  7:12  Drone  
  122  7:16  Roach x7  
  122  7:20  Overlord  
  134  7:24  Roach x3  
  134  7:26  Overlord  
  140  7:32  Roach x3  
  140  7:35  Overseer  
  146  7:38  Roach x3  
  146  7:39  Overlord  
  146  7:43  Zergling x8  
  156  7:45  Zergling x2  
  156  7:50  Ravager x7  
  164  7:54  Zergling x8  
  164  7:56  Overlord  
  168  8:02  Zergling x12  
  174  8:08  Ravager  
  174  8:09  Baneling x11  
  175  8:16  Zergling x12  
  181  8:20  Baneling  
  181  8:21  Baneling x5  
  180  8:27  Zergling x8  
  160  8:34  Roach x5  
  160  8:40  Zergling x2  
  160  8:41  Roach  
  149  8:51  Roach x9  
  157  8:58  Roach x4  
  157  9:02  Roach x2  
  145  9:05  Roach x2  
  145  9:09  Roach x2  
  137  9:17  Roach x5  
  139  9:23  Ravager x2  
  139  9:24  Ravager x3  
  144  9:26  Overseer  
  144  9:27  Zergling x10  
  144  9:30  Zergling x6  
  152  9:36  Zergling x6  
  152  9:37  Zergling x4  
  157  9:42  Zergling x10  
  157  9:44  Zergling x2  
  161  9:48  Zergling x6  
  161  9:50  Baneling x7  
  161  10:00  Baneling  
  161  10:01  Baneling x15  
  161  10:02  Zergling x6  
  156  10:17  Roach x9  
  167  10:24  Roach x4  
  172  10:32  Roach  
  172  10:35  Baneling x8  
  174  10:39  Zergling x14  
  167  10:44  Zergling x4  

Tags
 
Add a new tag
Caveats
  • Supply blocks, unpowered buildings, or Contaminate may cause inaccurate times.
  • Supply counts are checked every 10 seconds.